Map: Dusk Towers

Players

DatBoiSugar - Winner!

  • Race: Terran Terran
  • League: Master

FmP

  • Race: Protoss Protoss
  • League: Master

VOD

Have the link to the VOD?

Description

Time

  • Played on: June 27, 2016, 2:07 a.m.
  • Length: 4:56
Show
View Real Time Build Order
Export as new Build Order

DatBoiSugar Terran - Winner!

Build Orders:  

Get SALT Encoding   

  12  0:01  SCV  
  13  0:13  SCV  
  14  0:17  Supply Depot  
  14  0:25  SCV  
  15  0:39  SCV  
  15  0:41  Barracks  
  16  0:45  Refinery  
  16  0:51  SCV  
  17  1:03  SCV  
  18  1:15  SCV  
  19  1:27  Orbital Command  
  19  1:29  Barracks Reactor  
  19  1:44  Command Center  
  19  1:51  Supply Depot  
  19  2:02  SCV  
  19  2:05  Marine x2  
  22  2:11  Factory  
  22  2:17  SCV  
  23  2:23  Marine x2  
  23  2:29  SCV  
  26  2:41  Marine x2, SCV  
  29  2:53  SCV  
  30  2:59  Starport  
  30  3:03  Orbital Command  
  30  3:04  Refinery  
  30  3:05  Marine, SCV  
  30  3:07  Widow Mine  
  33  3:16  Marine  
  33  3:18  SCV  
  35  3:21  Supply Depot  
  35  3:29  SCV  
  35  3:30  SCV  
  37  3:36  Medivac  
  37  3:38  Factory Tech Lab  
  37  3:40  Marine x2  
  41  3:41  SCV  
  41  3:44  Supply Depot  
  41  3:45  SCV  
  43  3:53  SCV  
  44  3:57  Siege Tank  
  44  3:59  SCV  
  48  4:06  Supply Depot, SCV  
  49  4:11  SCV  
  49  4:12  Refinery  
  49  4:14  Engineering Bay  
  49  4:16  Marine x2  
  52  4:19  SCV  
  56  4:25  SCV  
  56  4:29  Supply Depot  
  57  4:31  SCV  
  57  4:35  Marine x2  
  57  4:37  SCV  
  61  4:43  SCV  
Show
View Real Time Build Order
Export as new Build Order

FmP Protoss 

Build Orders: 1 Gate Expand 

Get SALT Encoding   

  12  0:00  Probe (Chrono Boost)  
  13  0:11  Probe (Chrono Boost)  
  14  0:18  Pylon  
  14  0:22  Probe (Chrono Boost)  
  15  0:36  Probe (Chrono Boost)  
  15  0:37  Gateway  
  15  0:41  Assimilator  
  16  0:46  Probe (Chrono Boost)  
  18  0:57  Probe (Chrono Boost)  
  18  1:07  Probe (Chrono Boost)  
  19  1:20  Nexus  
  19  1:30  Cybernetics Core  
  19  1:32  Probe (Chrono Boost)  
  20  1:38  Assimilator  
  20  1:40  Assimilator  
  20  1:47  Pylon  
  20  1:51  Probe (Chrono Boost)  
  21  2:01  Probe (Chrono Boost)  
  21  2:06  Adept (Chrono Boost)  
  21  2:07  Warp Gate  
  24  2:14  Probe  
  25  2:26  Probe  
  26  2:31  Adept (Chrono Boost)  
  26  2:33  Probe  
  29  2:38  Probe  
  29  2:42  Twilight Council  
  30  2:45  Probe  
  30  2:50  Probe, Twilight Council  
  32  3:03  Probe (Chrono Boost)  
  32  3:04  Probe (Chrono Boost)  
  34  3:13  Forge  
  34  3:14  Probe (Chrono Boost)  
  35  3:20  Adept  
  35  3:25  Robotics Facility  
  37  3:28  Probe x2 (Chrono Boost)  
  39  3:39  Probe (Chrono Boost)  
  39  3:40  Pylon  
  40  3:45  Probe (Chrono Boost)  
  41  3:54  Mothership Core  
  43  3:56  Probe  
  43  4:01  Gateway  
  43  4:02  Gateway  
  44  4:06  Probe  
  44  4:07  Gateway  
  45  4:12  Gateway  
  45  4:15  Warp Prism (Chrono Boost)  
  47  4:27  Gateway  
  47  4:30  Gateway  
  47  4:32  Gateway  
  47  4:39  Adept  
  47  4:43  Pylon  
  49  4:46  Pylon  
Tags
 
Add a new tag
Caveats
  • Supply blocks, unpowered buildings, or Contaminate may cause inaccurate times.
  • Supply counts are checked every 10 seconds.